AoeStats
← jpierred

Arabia

506758726Analyzed
1v1 RM · 18d ago on Sep 15, 2026· 30m 21s· 2 players
Game mode
Random Map
Map size
Tiny (2 player)
Population
200
Speed
Normal
Resources
Standard
Victory
Conquest
Starting age
Dark Age
Ending age
Imperial Age
RankedLock teamsTeams togetherTeam positionsShared explorationLock speedFull tech treeHidden civsTurbo modeCheats
Victory
Defeat
🇨🇱 Romans · Chile
936
+17
🇧🇷 Mapuche · Brazil
955
-49
felkrd
2:24 Loom
8:28 Feudal Age
12:50 Town Watch
21:33 Castle Age
21:15 Scale Barding Armor
21:21 Forging
23:53 Chain Barding Armor
jpierred
2:18 Loom
9:12 Feudal Age
15:01 Double-Bit Axe
15:01 Horse Collar
24:56 Castle Age
26:25 Pikeman
Connection lost

Rejoining the realm…

Still unreachable

The connection could not be restored.

Session expired

The server has moved on; the page needs a fresh start.